 Dungeon Crawl Stone Soup version 0.21.0-3-g78d12a8bdd (webtiles) character file.

669 Manul the Sneak (level 7, 0/52 HPs)
             Began as a Demonspawn Assassin on Jan 13, 2018.
             Was a Believer of Makhleb.
             Succumbed to a worker ant's poison
             ... on level 4 of the Dungeon.
             The game lasted 00:03:57 (3350 turns).

Manul the Sneak (Demonspawn Assassin)               Turns: 3350, Time: 00:03:57

Health: 0/52       AC: 11    Str: 11    XL:     7   Next: 32%
Magic:  7/7        EV: 13    Int: 13    God:    Makhleb [**....]
Gold:   172        SH:  0    Dex: 16    Spells: 6/6 levels left

rFire    . . .     SeeInvis .   n - +0 dagger (venom)
rCold    . . .     Gourm    .   (no shield)
rNeg     . . .     Faith    .   x - +0 troll leather armour {Purgy}
rPois    .         Spirit   .   s - +1 helmet
rElec    .         Reflect  .   d - +0 cloak
rCorr    .         Harm     .   i - +0 pair of gloves
MR       .....                  (no boots)
Stlth    +++.......             E - amulet of inaccuracy
HPRegen  0.57/turn              (no ring)
MPRegen  0.10/turn              (no ring)

@: lethally poisoned (0 -> -7)
A: hooves 1, thin metallic scales 2
a: Minor Destruction, Renounce Religion


You were on level 4 of the Dungeon.
You worshipped Makhleb.
Makhleb was pleased with you.
You were not hungry.

You visited 1 branch of the dungeon, and saw 4 of its levels.

You collected 172 gold pieces.

Inventory:

Hand Weapons
 a - a +2 dagger
 b - a +0 blowgun
 n - a +0 dagger of venom (weapon)
 r - a +3 short sword
Missiles
 e - 8 poisoned needles
 f - 2 curare-tipped needles
Armour
 c - a +0 robe
 d - a +0 cloak (worn)
 i - a +0 pair of gloves (worn)
 j - a +0 ring mail
 s - a +1 helmet (worn)
 t - a +2 hat
 x - a +0 troll leather armour (worn) {Purgy}
Jewellery
 o - an uncursed amulet of guardian spirit
 E - an amulet of inaccuracy (around neck)
Scrolls
 h - 2 scrolls of blinking {unknown}
 k - 2 scrolls of enchant weapon {unknown}
 m - a scroll of enchant armour {unknown}
 p - 5 scrolls of identify
 v - a scroll of remove curse
 w - 2 scrolls of amnesia {unknown}
 y - 2 scrolls of teleportation {unknown}
Potions
 l - a potion of might
 q - a potion of ambrosia {unknown}
 u - a potion of magic {unknown}
 z - a potion of berserk rage {unknown}
 A - a potion of cancellation {unknown}
 B - a potion of lignification {unknown}
 C - a potion of brilliance {unknown}
 F - a potion of flight {unknown}
Comestibles
 g - 8 rations
 D - 3 chunks of flesh


   Skills:
 + Level 3.2 Fighting
 + Level 4.2 Short Blades
 + Level 1.7 Throwing
 + Level 2.1 Armour
 + Level 3.0 Dodging
 + Level 5.8 Stealth


You had 6 spell levels left.
You didn't know any spells.

Dungeon Overview and Level Annotations

Branches:
Dungeon (4/15)
 Temple: D:4-7

Altars:
Ashenzari
Cheibriados
Makhleb
Sif Muna
Vehumet
The Shining One

Shops:
D:4 !


Innate Abilities, Weirdness & Mutations

You have large cloven feet.
You are mostly covered in thin metallic scales. (AC +3)


Message History

* * * LOW HITPOINT WARNING * * *
* * * LOW HITPOINT WARNING * * *
You feel sick. The worker ant completely misses you.
* * * LOW HITPOINT WARNING * * *
You feel sick. The worker ant barely misses you.
* * * LOW HITPOINT WARNING * * *
You feel sick. The worker ant bites you.
* * * LOW HITPOINT WARNING * * *
You are more poisoned.
The worker ant poisons you!
* * * LOW HITPOINT WARNING * * *
You feel very sick. The worker ant closely misses you.
* * * LOW HITPOINT WARNING * * *
You feel sick. The worker ant closely misses you. x2
* * * LOW HITPOINT WARNING * * *
You feel sick. The worker ant closely misses you.
* * * LOW HITPOINT WARNING * * *
You feel sick. The worker ant barely misses you.
You die...

#.......##. #.#
#.......##. #.#
#.......##.
##.######.......##.
#.[.....#.......##.
#.......#.......##.
#.......#.......##)
#.a.....#.......###
#.@.....#.......#
##.######.......#
#.####....###.##
#.............#
######....#####
#....# #....#
#....# #....#


You could see a worker ant.

Vanquished Creatures
  Purgy (D:3)
  A sky beast (D:4)
  An ogre (D:3)
  A bullfrog (D:3)
  A scorpion (D:4)
  A bullfrog skeleton (D:4)
  An orc wizard (D:4)
  Robin (D:2)
  4 gnolls (D:2)
  9 adders
  3 worms
  4 dart slugs
  A leopard gecko (D:3)
  3 orcs (D:4)
  A ball python (D:4)
  4 giant cockroaches
  17 goblins
  3 hobgoblins
  16 bats
  A frilled lizard (D:3)
  7 kobolds
  A leopard gecko skeleton (D:4)
  10 rats
92 creatures vanquished.

Notes
Turn   | Place    | Note
-------+----------+-------------------------------------------
     0 | D:1      | Manul the Demonspawn Assassin began the quest for the Orb.
     0 | D:1      | Reached XP level 1. HP: 16/16 MP: 1/1
   353 | D:1      | Reached skill level 4 in Stealth
   383 | D:1      | Gained mutation: You are partially covered in thin metallic scales. (AC +2) [demonic ancestry]
   383 | D:1      | Reached XP level 2. HP: 22/22 MP: 2/2
   390 | D:1      | Reached skill level 1 in Dodging
   454 | D:1      | Found a snail-covered altar of Cheibriados.
   994 | D:2      | Reached XP level 3. HP: 27/27 MP: 3/3
  1185 | D:2      | Gained mutation: You have large cloven feet. [demonic ancestry]
  1185 | D:2      | Reached XP level 4. HP: 14/33 MP: 4/4
  1433 | D:2      | Reached skill level 5 in Stealth
  1791 | D:2      | Noticed Robin
  1819 | D:2      | Gained mutation: You are mostly covered in thin metallic scales. (AC +3) [demonic ancestry]
  1819 | D:2      | Reached XP level 5. HP: 30/39 MP: 5/5
  1828 | D:2      | Killed Robin
  1904 | D:2      | Found a radiant altar of Vehumet.
  1905 | D:2      | Found a shattered altar of Ashenzari.
  1909 | D:2      | Found a glowing golden altar of the Shining One.
  1918 | D:2      | Found a deep blue altar of Sif Muna.
  2012 | D:3      | Found a faded altar of an unknown god.
  2025 | D:3      | Noticed an ogre
  2036 | D:3      | Killed an ogre
  2038 | D:3      | Became a worshipper of Makhleb the Destroyer
  2038 | D:3      | Reached * piety under Makhleb
  2125 | D:3      | Reached XP level 6. HP: 39/46 MP: 6/6
  2153 | D:3      | Noticed Purgy
  2196 | D:3      | Killed Purgy
  2196 | D:3      | Reached skill level 1 in Armour
  3021 | D:4      | Found Opne's Distillery.
  3180 | D:4      | Reached XP level 7. HP: 52/52 MP: 7/7
  3216 | D:4      | Reached ** piety under Makhleb
  3348 | D:4      | HP: 2/52 [poisoned by a worker ant]
  3350 | D:4      | Succumbed to a worker ant's poison

Skill      XL: |  1  2  3  4  5  6  7 |
---------------+----------------------+-----
Stealth        | 4 5 |  5.8
Dodging        | 1 2 3 |  3.0
Short Blades   | 2 3 4 |  4.2
Armour         | 1 2 |  2.1
Fighting       | 3 |  3.2
Throwing       | |  1.7

Action                   |  1- 3 |  4- 6 |  7- 9 || total
-------------------------+-------+-------+-------++-------
Melee: Dagger            |    78 |   123 |    35 ||   236
       Kick              |       |    45 |    13 ||    58
       Short sword       |       |    37 |       ||    37
  Use: Scroll            |       |     1 |     1 ||     2
 Stab: Sleeping          |    10 |     7 |       ||    17
  Eat: Chunk             |     1 |     6 |     1 ||     8
Armor: Robe              |    24 |     5 |       ||    29
       Ring mail         |       |    54 |       ||    54
       Troll leather arm |       |    10 |    19 ||    29
Dodge: Dodged            |    39 |   100 |    47 ||   186
